 Dungeon Crawl Stone Soup version 0.26-b1-32-g5d43845318 (webtiles) character file.

Game seed: 10702274401583496678

47 MisterFreud the Chiller (level 3, 0/24 HPs)
             Began as a Demonspawn Ice Elementalist on Jan 12, 2021.
             Shot with a stone by a goblin (5 damage)
             ... led by Robin
             ... on level 2 of the Dungeon.
             The game lasted 00:02:20 (1282 turns).

MisterFreud the Chiller (DsIE)                      Turns: 1282, Time: 00:02:21

Health: 0/24       AC:  4    Str:  8    XL:     3   Next: 48%
Magic:  6/6        EV: 12    Int: 17    God:
Gold:   25         SH:  0    Dex: 13    Spells: 5/6 levels left

rFire    . . .     SeeInvis .   i - +2 dagger (venom)
rCold    . . .     Faith    .   (no shield)
rNeg     . . .     Spirit   .   a - +0 robe
rPois    .         Reflect  .   (helmet restricted)
rElec    .         Harm     .   (no cloak)
rCorr    .         Rampage  .   (no gloves)
Will     .....                  (no boots)
Stlth    +++.......             (no amulet)
HPRegen  0.08/turn              f - ring of stealth
MPRegen  0.10/turn              (no ring)

@: no status effects
A: antennae 1, thin metallic scales 1
a: no special abilities


You were on level 2 of the Dungeon.
You visited 1 branch of the dungeon, and saw 2 of its levels.

You collected 25 gold pieces.

Inventory:

Hand Weapons
 i - a +2 dagger of venom (weapon)
Missiles
 e - 2 atropa-tipped darts
Armour
 a - a +0 robe (worn)
 d - a +0 kite shield
Jewellery
 f - a ring of stealth (left hand)
Scrolls
 b - a scroll of enchant weapon {unknown}
 g - a scroll of amnesia {unknown}
 h - a scroll of remove curse {unknown}
Potions
 c - a potion of lignification {unknown}
 j - a potion of haste {unknown}


   Skills:
 + Level 0.9 Short Blades
 - Level 1.7 Dodging
 + Level 2.2 Stealth
 - Level 2.0 Spellcasting
 + Level 4.4 Ice Magic


You had 5 spell levels left.
You knew the following spells:

 Your Spells              Type           Power        Failure   Level
a - Freeze                Ice            64%          3%          1

Your spell library contained the following spells:

 Spells                   Type           Power        Failure   Level
 Frozen Ramparts          Ice            32%          10%         3
 Ozocubu's Armour         Ice            16%          10%         3
 Hailstorm                Conj/Ice       9%           61%         4
 Summon Ice Beast         Ice/Summ       9%           61%         4


Dungeon Overview and Level Annotations

Branches:
Dungeon (2/15)

Altars:

Annotations:
D:2 1 runed translucent door, Crazy Yiuf


Innate Abilities, Weirdness & Mutations

You have a pair of small antennae on your head.
You are partially covered in thin metallic scales. (AC +2)


Message History

The goblin appears confused.
You are too injured to fight recklessly!
You are too injured to fight recklessly!
The goblin seems less confused.
Things that are here:
3 stones; a goblin corpse The goblin is no longer blind.
Items here: $ )) †††.
You see here 9 gold pieces.
You hit the goblin.
The goblin is poisoned.
The goblin is heavily wounded.
The goblin unwields a +0 hunting sling.
The goblin wields a +0 club.
The goblin hits you but does no damage.
You closely miss the goblin.
The goblin is heavily wounded.
The goblin hits you with a +0 club.
* * * LOW HITPOINT WARNING * * *
The goblin unwields a +0 club.
The goblin wields a +0 hunting sling.
The goblin shoots a stone.
The stone hits you.
You die...

.# .. .# gg .###########
########g#.# ...........#
#..........# ........>..#
######..g.g.....#
...........######....#..g.......#
................#....#..........#
................#(...#..........#
...............)@...............#
#..............(#$g..#).........#
#...............#....#...........
#.........(.....#..†.#.........##
..........(.....######(....$...#
###########(....# ##########
#.(...# #######


You could see a goblin (very poisoned).

Vanquished Creatures
  An adder (D:2)
  2 dart slugs (D:1)
  A ball python (D:1)
  3 giant cockroaches
  4 hobgoblins
  6 kobolds
  2 bats (D:1)
  2 frilled lizards
  8 goblins
  3 rats (D:1)
32 creatures vanquished.

Notes
Turn   | Place    | Note
-------+----------+-------------------------------------------
     0 | D:1      | MisterFreud the Demonspawn Ice Elementalist began the quest
                  | for the Orb.
     0 | D:1      | Reached XP level 1. HP: 13/13 MP: 3/3
   248 | D:1      | Reached skill level 4 in Ice Magic
   459 | D:1      | Gained mutation: You have a pair of small antennae on your
                  | head. [demonic ancestry]
   459 | D:1      | Reached XP level 2. HP: 19/19 MP: 3/5
  1181 | D:2      | Found a runed translucent door.
  1182 | D:2      | Noticed Crazy Yiuf
  1223 | D:2      | Gained mutation: You are partially covered in thin metallic
                  | scales. (AC +2) [demonic ancestry]
  1223 | D:2      | Reached XP level 3. HP: 19/24 MP: 6/6
  1282 | D:2      | Shot with a stone by a goblin

Illustrated notes

Levels and vault maps discovered:
D:1:      dpeg_arrival_boxes_within_box, layout_loops_ring,
          chequers_serial_rivers_micro_c
D:2:      layout_basic, uniq_crazy_yiuf_cottage, uniq_robin

Skill      XL: |  1  2 |
---------------+-------+-----
Ice Magic      | 4 |  4.4
Stealth        | 2 |  2.2
Short Blades   | |  0.9
Dodging        | |  1.7
Spellcasting   | |  2.0

Action                   || total
-------------------------++-------
Melee: Unarmed           ||    26
       Dagger            ||    36
Throw: Dart              ||     1
 Cast: Freeze            ||    15
 Stab: Sleeping          ||     7
Armor: Robe              ||    20
Dodge: Dodged            ||    58
